Unix NetHack Version 3.7.0-50 Work-in-progress - last build Mar 4 2022 02:26:30 (e6462ec43901094e27b359309de32c6d0a996175,branch:master). Game began 2022-03-02 15:01:42, ended 2022-04-24 08:12:30. stenno, lawful female human Valkyrie ------- ------- |%$Sn.|-- |..|%>| |.kM..-?| |.....| --|f:bf.|-| |.--.--- |.-@..BoZ.| --.|..0%---- |.|ERe'u|-| --..|.......| |.|b$$$$i.| |...|---0...| |.|/F$'0|-- |...|..|....| |.|------ |...|.......| |.| --...%..|....-- |.| |....|..|.....| |.| |....|--|..%..| |.| |...-- --.|..| |.| ----- |.---- |.-------------------..| |%%%...................| ------------------------ Stenno the Fighter St:18/05 Dx:13 Co:18 In:8 Wi:11 Ch:9 Lawful Dlvl:4 $:30 HP:0(78) Pw:21(21) AC:1 Exp:9 T:5736 Latest messages: Nothing happens. You hear some noises in the distance. You hear a slurping sound. You hear a slurping sound. You hear a slurping sound. You hear a slurping sound. You hear a slurping sound. You hear a slurping sound. What do you want to use or apply? [bdhikpuwCE-GKMSUY or ?*] k In what direction? u Unlock it? [yn] (n) y You succeed in unlocking the door. The door opens. A mysterious force prevents the tengu from teleporting! The gelatinous cube engulfs 609 gold pieces. The gelatinous cube engulfs 220 gold pieces. The Woodland-elf wields an elven broadsword! It attacks a spot beside you. The Woodland-elf swings his elven broadsword at the orc zombie. The Woodland-elf hits the orc zombie. The orc zombie is destroyed! A mysterious force prevents the gray unicorn from teleporting! What do you want to put on? [bemyGHLMOTWX or ?*] W Which ring-finger, Right or Left? [rl] r W - an uncursed ring called 3 enga !X (on right hand). The orc zombie opens a door. You hit the wolf! It snaps wildly and misses! The gecko just misses! The lizard attacks a spot beside you. The wolf bites! You kill the wolf! A cave spider was hidden under a yeti corpse! The cave spider bites! The gecko bites! You kill the cave spider! A mysterious force prevents the tengu from teleporting! The gelatinous cube engulfs 236 gold pieces. You kill the gecko! You hit the fire elemental! You are suddenly very hot! A mysterious force prevents the tengu from teleporting! The tengu opens a door. The fire elemental hits! The gelatinous cube engulfs 12 gold pieces. The large cat bites! You hit the fire elemental! You are suddenly very hot! You die... Do you want your possessions identified? [ynq] (y) q Major events: Turn 1: stenno the lawful human Valkyrie entered the dungeon 1406: reached Mine Town 3433: received Excalibur from a strange woman laying about in a pond 3582: entered Sokoban 4624: completed sokoban 2 4943: completed sokoban 3 5645: completed sokoban 4 5736: killed by a fire elemental Inventory: Coins $ - 30 gold pieces Amulets O - an uncursed amulet of ESP X - an uncursed amulet of magical breathing Weapons o - an uncursed +0 dagger (at the ready) a - the blessed rustproof +1 Excalibur (weapon in hand) Armor r - an uncursed +0 dwarvish iron helm (being worn) A - an uncursed +0 orcish helm l - a cursed -2 pair of fumble boots s - an uncursed +0 pair of iron shoes (being worn) c - an uncursed +3 small shield (being worn) q - an uncursed +0 alchemy smock with text "I'm making SCIENCE!" (being worn) t - an uncursed +0 dwarvish cloak x - a cursed +0 mummy wrapping R - a cursed -1 Hawaiian shirt with a parrot motif Comestibles z - 4 uncursed food rations Potions I - a cursed potion of sleeping Rings y - an uncursed ring of conflict m - a cursed ring of polymorph T - an uncursed ring of regeneration H - an uncursed ring of searching W - an uncursed ring of teleport control (on right hand) e - an uncursed ring of teleportation L - an uncursed ring of warning Wands d - an uncursed wand of digging (0:2) i - an uncursed wand of make invisible (0:4) K - an uncursed wand of make invisible (0:3) w - an uncursed wand of polymorph (0:4) E - an uncursed wand of striking (0:5) Tools h - an uncursed bag of holding containing 22 items b - an uncursed blindfold G - an uncursed blindfold C - a cursed brass lantern S - an uncursed lock pick Y - an uncursed mirror k - an uncursed skeleton key F - an uncursed partly used tallow candle (lit) p - an uncursed tinning kit (0:80) M - an uncursed towel u - an uncursed +0 unicorn horn U - an uncursed partly used wax candle (lit) Contents of the bag of holding: 692 gold pieces an uncursed scroll of confuse monster an uncursed scroll of amnesia an uncursed scroll of punishment a blessed scroll of blank paper 3 uncursed scrolls of blank paper 2 uncursed scrolls of blank paper an uncursed scroll of gold detection an uncursed scroll of enchant armor a blessed scroll of remove curse an uncursed scroll of remove curse an uncursed scroll of earth a cursed scroll of earth an uncursed scroll of enchant weapon a cursed scroll of enchant weapon an uncursed spellbook of extra healing an uncursed spellbook of knock an uncursed potion of gain ability an uncursed potion of restore ability a cursed potion of confusion a blessed potion of object detection an uncursed potion of object detection Stenno the Valkyrie's attributes: Background: You were a Fighter, a level 9 human Valkyrie. You were lawful, on a mission for Tyr who was opposed by Odin (neutral) and Loki (chaotic). You were in Sokoban, on level 4. You entered the dungeon 5736 turns ago. You had 3491 experience points, 1629 more were needed to attain level 10. Basics: You had 0 out of 78 hit points. You had all 21 energy points (spell power). Your armor class was 1. Your wallet contained 30 zorkmids. Autopickup was on for '$/=?!' plus thrown. Final Characteristics: Your strength was 18/05 (limit:18/100). Your dexterity was 13 (limit:18). Your constitution was 18 (limit:18). Your intelligence was 8 (limit:18). Your wisdom was 11 (limit:18). Your charisma was 9 (limit:18). Final Status: You were not hungry. You were unencumbered. You were wielding a long sword. You had expert skill with long sword. Final Attributes: You were piously aligned. You were cold resistant. You were poison resistant. You were acid resistant. Your items were protected from acid. You were level-drain resistant. You were telepathic. You had automatic searching. You were invisible. You were stealthy. You had teleport control. You were warded. You were fast. You are dead. Miscellaneous: You disabled loading of bones levels. Total elapsed playing time was 2 hours, 1 minute and 23 seconds. Vanquished creatures: a giant mimic 3 small mimics a xan a gelatinous cube 3 large dogs 2 wraiths a carnivorous ape an ettin zombie a Grey-elf a crocodile a quivering blob a wolf a leprechaun an iron piercer 2 giant spiders a horse an ice vortex a black light an orc mummy an owlbear a yeti 2 gold golems a lizard a jaguar a black unicorn 3 dust vortices 3 apes a rope golem an imp a wood nymph a Mordor orc 4 gnome leaders a gnomish wizard a red naga hatchling 2 paper golems 3 floating eyes a kitten 2 dwarves 2 homunculi a kobold leader a kobold shaman 5 hill orcs a rabid rat a giant bat an orc zombie 2 dwarf zombies a werejackal 2 iguanas 3 coyotes 3 manes 2 cave spiders a yellow mold a green mold 34 gnomes 2 gnome zombies 2 geckos 2 jackals 2 foxes 8 grid bugs 4 lichens 4 newts 141 creatures vanquished. No species were genocided or became extinct. Voluntary challenges: You read items or engraved 2 times. You never engraved Elbereth. You never genocided any monsters. You never polymorphed an object. You never changed form. You used no wishes. You did not violate any of the special Sokoban rules. Achievements: You entered the Gnomish Mines. You attained the rank of Skirmisher. You entered Minetown. You entered a shop. You attained the rank of Fighter. You entered a temple. You entered Sokoban. The Dungeons of Doom: levels 1 to 9 Level 1: A grave. Level 2: Stairs down to The Gnomish Mines. Level 3: A delicatessen. Level 4: Level 5: Level 6: Some fountains. Level 7: Oracle of Delphi. Level 8: A fountain. Stairs up to Sokoban, level 7. Level 9: The Gnomish Mines: levels 3 to 7 Level 3: Level 4: Level 5: Level 6: Many shops, a temple, some fountains. Level 7: Sokoban: levels 7 up to 4 Level 4: <- You were here. Solved. Final resting place for you, killed by a fire elemental. Level 5: Solved. Level 6: Solved. Level 7: Unsolved. Game over: ---------- / \ / REST \ / IN \ / PEACE \ / \ | stenno | | 722 Au | | killed by a fire | | elemental | | | | | | 2022 | *| * * * | * _________)/\\_//(\/(/\)/\//\/|_)_______ Farvel stenno the Valkyrie... You died in Sokoban on dungeon level 4 with 10974 points, and 722 pieces of gold, after 5736 moves. You were level 9 with a maximum of 78 hit points when you died.